 Dungeon Crawl Stone Soup version 0.29.1-debian-4-g95531337e3 (webtiles) character file.

Game seed: 17795061194935630560

124 Dreamer the Shield-Bearer (level 5, 0/42 HPs)
             Began as a Formicid Fighter on Sept 13, 2022.
             Slain by a crimson imp (2 damage)
             ... summoned by Natasha
             ... on level 2 of the Dungeon.
             The game lasted 00:05:13 (2115 turns).

Dreamer the Shield-Bearer (Formicid Fighter)        Turns: 2115, Time: 00:05:15

Health: 0/42       AC:  0    Str: 23    XL:     5   Next: 30%
Magic:  5/5        EV: 17    Int:  7    God:
Gold:   104        SH:  0    Dex: 18    Spells: 4/4 levels left

rFire   . . .      SeeInvis .   (weapon currently unavailable)
rCold   . . .      Faith    +   (shield currently unavailable)
rNeg    . . .      Spirit   .   (body armour currently unavailable)
rPois   .          Reflect  .   (helmet unavailable)
rElec   .          Harm     .   (cloak currently unavailable)
rCorr   .          Rampage  .   (gloves currently unavailable)
Will    .....                   (boots currently unavailable)
Stlth   ++........              e - amulet of faith
HPRegen 0.14/turn               (ring currently unavailable)
MPRegen 0.09/turn               (ring currently unavailable)

@: bat-form, flying, very quick
A: fast, flying, no casting, permanent stasis, dig shafts and tunnels, tiny,
(antennae 3), four strong arms
a: no special abilities


You were on level 2 of the Dungeon.
You were a bat.
You visited 1 branch of the dungeon, and saw 3 of its levels.

You collected 104 gold pieces.

Inventory:

Hand Weapons
 a - a +0 flail (melded)
Armour
 c - a +0 buckler (melded)
 i - a +0 plate armour (melded)
 k - a +0 pair of gloves (melded)
Jewellery
 e - an amulet of faith (around neck)
Scrolls
 b - 2 scrolls of summoning {unknown}
 h - a scroll of teleportation {unknown}
 j - a scroll of identify {unknown}
 m - 2 scrolls of immolation {unknown}
 n - a scroll of amnesia {unknown}
Potions
 d - 3 potions of might
 f - 2 potions of lignification {unknown}
 g - 2 potions of degeneration {unknown}
 l - a potion of brilliance {unknown}
 o - a potion of flight {unknown}
 p - a potion of curing {unknown}


   Skills:
 + Level 4.0 Fighting
 * Level 3.5 Maces & Flails
 + Level 4.0 Armour
 + Level 4.8 Shields


You had 4 spell levels left.
You didn't know any spells.
Your spell library contained the following spells:

 Spells                   Type           Power      Damage    Failure   Level
 Magic Dart               Conj           0%         1d3       43%         1
 Call Imp                 Summ           0%         N/A       56%         2
 Static Discharge         Conj/Air       0%         3-3/arc   56%         2
 Gell's Gravitas          Tloc           0%         N/A       80%         3
 Mephitic Cloud           Conj/Pois/Air  0%         N/A       80%         3
 Teleport Other           Tloc           0%         N/A       80%         3
 Arcjolt                  Conj/Air       0%         1d10      100%        5
 Lightning Bolt           Conj/Air       0%         1d11      100%        5
 Dispersal                Tloc           0%         N/A       100%        6
 Maxwell's Capacitive Co  Air            0%         ∞         100%        8


Dungeon Overview and Level Annotations

Branches:
Dungeon (3/15)

Altars:

Shops:
D:1 (

Annotations:
D:2 Natasha, Sigmund


Innate Abilities, Weirdness & Mutations

You are a bat.
You are tiny and dextrous.
You move quickly.
You are flying.
Your equipment is almost entirely melded.
You are incapable of wielding weapons or throwing items.
You cannot cast spells.
You cannot be hasted, slowed, berserked, paralysed or teleported.
You can dig through walls and to a lower floor.
((You have a pair of large antennae on your head. (SInv)))
Your four strong arms can wield two-handed weapons with a shield.


Message History

Natasha zaps a wand.
You turn into a bat.
Your +0 flail melds into your body.
Your +0 pair of gloves melds into your body.
Your +0 buckler melds into your body.
Your +0 plate armour melds into your body.
The white imp gestures at you. The puff of frost misses you.
You barely miss Natasha.
Natasha is severely wounded.
Natasha casts a spell.
The white imp hits you. The white imp freezes you.
You hit Natasha but do no damage.
Natasha is severely wounded.
Natasha closely misses you. The white imp misses you.
You hit Natasha but do no damage.
Natasha is severely wounded.
The crimson imp hits you.
Natasha mumbles some strange words.
Natasha glows brightly for a moment.
Natasha barely misses you. The white imp barely misses you.
You hit Natasha.
Natasha is severely wounded.
The crimson imp completely misses you. Natasha casts a spell at you.
The magic dart hits you! The white imp hits you. The white imp freezes you.
You hit Natasha.
Natasha is almost dead.
The crimson imp puffs mist at you. The crimson imp barely misses you.
Natasha stares at you and mumbles some strange words.
Your stasis prevents you from being slowed.
The white imp gestures at you. The puff of frost hits you!
* * * LOW HITPOINT WARNING * * *
You hit Natasha but do no damage.
Natasha is almost dead.
The crimson imp misses you. Natasha barely misses you.
You hit Natasha.
Natasha is almost dead.
The white imp closely misses you. The crimson imp hits you.
You die...

# #.# #.........###### # ##@##
#.#######....... # #...# #.#
#..###.. #...# ##.#######..# #..
## #...# #.......###.###.# .#
#...########........##.....#
.#####...............##.......###
................#.....#.......#
...............5b5.#..........#
..........)....h#..#.##.......#
.#####....####..##............#
.# #...................###### ##
#...######......##.....# #...#
####.####.###.##### #...#######
#.####.##....... ##.<.)....#
#.........†##### #..#####.#
######.#...###


You could see Natasha, a crimson imp (summoned) and a white imp (summoned).

Vanquished Creatures
  Terence (D:2)
  3 gnolls (D:2)
  3 adders
  3 worms (D:2)
  2 dart slugs (D:1)
  3 endoplasms
  A giant cockroach (D:1)
  A goblin (D:1)
  3 hobgoblins
  3 kobolds
  A quokka (D:1)
  3 ball pythons
  5 bats
  A frilled lizard (D:1)
  2 rats
35 creatures vanquished.

Notes
Turn   | Place    | Note
-------+----------+-------------------------------------------
     0 | D:1      | Dreamer the Formicid Fighter began the quest for the Orb.
     0 | D:1      | Reached XP level 1. HP: 18/18 MP: 1/1
    29 | D:1      | Found Gaopsuu's Weapon Shoppe.
   249 | D:1      | Reached XP level 2. HP: 23/24 MP: 2/2
   773 | D:1      | Reached XP level 3. HP: 28/29 MP: 3/3
  1122 | D:2      | Noticed Terence
  1136 | D:2      | Killed Terence
  1137 | D:2      | Reached XP level 4. HP: 19/37 MP: 4/4
  1299 | D:2      | Found a faded altar of an unknown god.
  1299 | D:2      | Noticed Sigmund
  1565 | D:1      | You fall into a shaft and drop 1 floor!
  1599 | D:2      | You fall into a shaft and drop 1 floor!
  1755 | D:2      | Reached XP level 5. HP: 30/42 MP: 5/5
  2098 | D:2      | Noticed Natasha
  2113 | D:2      | HP: 2/42 [white imp/puff of frost[Natasha] (15)]
  2115 | D:2      | Slain by a crimson imp

Illustrated notes

Levels and vault maps discovered:
D:1:      tarquinn_simple_flora_water_c, layout_basic, serial_shops,
          nicolae_shop_window_shopping, serial_park_tiny_pond,
          minmay_close_crescents
D:2:      layout_loops_cross, hellmonk_ecumenical_altar_pennies_from_heaven,
          uniq_natasha, uniq_sigmund, uniq_terence
D:3:      layout_rooms, mainiacjoe_overflow_surrounded_room, elyvilon_altar_5,
          zin_treasury

Skill      XL: |  1  2  3  4  5 |
---------------+----------------+-----
Maces & Flails | 3 |  3.5
Armour         | 4 |  4.0
Fighting       | 4 |  4.0
Shields        | |  4.8

Action                   |  1- 3 |  4- 6 || total
-------------------------+-------+-------++-------
Melee: Flail             |    66 |    53 ||   119
       Unarmed           |       |     7 ||     7
 Abil: Shaft Self        |       |     2 ||     2
Armor: Scale mail        |    22 |       ||    22
       Plate armour      |    10 |    27 ||    37
Dodge: Dodged            |    32 |    23 ||    55
Block: Buckler           |    16 |    11 ||    27
